[Event "Titled Tuesday Blitz November 08 Late 2022"]
[White "Kovacevic, Radmila"]
[Black "Arbunic Castro, Giovanna"]
[WhiteFideId "933171"]
[BlackFideId "3400549"]
[WhiteElo "2208"]
[BlackElo "1874"]
[Result "0-1"]
[Round "07"]
[TimeControl "180+1"]
[Date "2022.11.09"]
[WhiteClock "0:00:06"]
[BlackClock "0:00:10"]

1. e4 g6 2. d4 Bg7 3. h4 h5 4. c3 c5 5. dxc5 Nf6 6. Bd3 a5 7. Bg5 Na6 8. e5 Ng4 9. Bxa6 Rxa6 10. f4 f6 11. Qd3 fxg5 12. hxg5 d6 13. Qxg6+ Kf8 14. e6 Qe8 15. Qf5+ Kg8 16. c6 Rxc6 17. Nf3 d5 18. Qf7+ Qxf7 19. exf7+ Kxf7 20. Nbd2 Re6+ 21. Kf1 Rb6 22. Rb1 Bf5 23. Re1 Rxb2 24. g6+ Kxg6 25. Rxe7 Bxc3 26. Re2 Bd3 27. Ne5+ Nxe5 28. fxe5 Rf8+ 29. Kg1 Bxe2 30. Nf3 Bxf3 31. Rh3 Rb1+ 32. Kf2 Bxe5 33. gxf3 Rb2+ 34. Ke3 Rxa2 35. Kd3 a4 36. f4 Bf6 37. f5+ Kxf5 38. Rf3+ Kg4 39. Rf1 a3 40. Rg1+ Kf5 41. Rf1+ Ke6 42. Re1+ Kd6 43. Rb1 Rb2 44. Ra1 a2 45. Ke3 Re2+ 46. Kd3 Bxa1 47. Kxe2 Bd4 48. Kd3 a1=Q 49. Kc2 Qb2+ 50. Kd1 Rf1# 0-1


[Site "https://www.chess.com"]

[Event "Titled Tuesday Blitz November 08 Late 2022"]
[White "Krishnan, Varun"]
[Black "Machidon, Cristi"]
[WhiteFideId "5054508"]
[BlackFideId "13904590"]
[WhiteElo "2535"]
[BlackElo "2333"]
[Result "1-0"]
[Round "07"]
[TimeControl "180+1"]
[Date "2022.11.09"]
[WhiteClock "0:01:11"]
[BlackClock "0:00:35"]

1. d4 Nf6 2. c4 e6 3. Nf3 Bb4+ 4. Nbd2 O-O 5. g3 d5 6. Bg2 dxc4 7. O-O b5 8. a4 c6 9. Ne5 Nd5 10. Qc2 Qb6 11. e3 Nd7 12. Ndf3 Nxe5 13. Nxe5 f6 14. Nf3 Rd8 15. e4 Ne7 16. Be3 a6 17. b3 c3 18. Rfd1 Qb8 19. Bf4 Qb6 20. Be3 Bb7 21. d5 Bc5 22. d6 Bxe3 23. dxe7 Rxd1+ 24. Rxd1 Bc5 25. Rd7 Re8 26. a5 Qa7 27. e5 f5 28. Ng5 Rxe7 29. Rd8+ 1-0


[Site "https://www.chess.com"]

[Event "Titled Tuesday Blitz November 08 Late 2022"]
[White "Kumala, Aleksander"]
[Black "Brown, Andrew"]
[WhiteFideId "1141880"]
[BlackFideId "3206513"]
[WhiteElo "2269"]
[BlackElo "2245"]
[Result "1-0"]
[Round "07"]
[TimeControl "180+1"]
[Date "2022.11.09"]
[WhiteClock "0:00:14"]
[BlackClock "0:00:03"]

1. d4 g6 2. e4 Bg7 3. h4 h5 4. g4 hxg4 5. Qxg4 d5 6. Qg2 dxe4 7. c3 Nf6 8. Bg5 O-O 9. Nd2 Bf5 10. O-O-O Nc6 11. Bxf6 exf6 12. h5 Re8 13. Bc4 Kf8 14. Ne2 Na5 15. h6 Bh8 16. Bb5 c6 17. Ba4 e3 18. fxe3 Rxe3 19. Ng3 Bg4 20. Rde1 Qe7 21. Nge4 Rxe1+ 22. Rxe1 Bf5 23. Bc2 Re8 24. Rf1 Qc7 25. b4 Bxe4 26. Bxe4 f5 27. Bc2 Re3 28. Rf3 Re1+ 29. Kb2 Qb6 30. Rf1 Re3 31. Kc1 Bxd4 32. bxa5 Qxa5 33. cxd4 Qa3+ 34. Kd1 Qb2 35. h7 Kg7 36. Rh1 Kh8 37. Qh2 Qa1+ 38. Bb1 Qxd4 39. Qb8+ 1-0


[Site "https://www.chess.com"]

[Event "Titled Tuesday Blitz November 08 Late 2022"]
[White "Kuzmicz, Krystian"]
[Black "Mikhalsky, Vladimir"]
[WhiteFideId "1119125"]
[BlackFideId "14144352"]
[WhiteElo "2380"]
[BlackElo "2271"]
[Result "1-0"]
[Round "07"]
[TimeControl "180+1"]
[Date "2022.11.09"]
[WhiteClock "0:00:44"]
[BlackClock "0:00:01"]

1. e4 g6 2. g3 Bg7 3. Bg2 c5 4. d3 Nc6 5. f4 d6 6. Nf3 e6 7. O-O Nge7 8. c3 e5 9. f5 gxf5 10. Nh4 fxe4 11. dxe4 Be6 12. Nf5 Nxf5 13. exf5 Bc4 14. Qg4 Bxf1 15. Qxg7 Kd7 16. Qxf7+ Qe7 17. Qxe7+ Nxe7 18. Kxf1 Nxf5 19. Bxb7 Rab8 20. Be4 Ke6 21. c4 h5 22. Nc3 h4 23. g4 Nd4 24. Kg2 h3+ 25. Kg3 a6 26. b3 Rbf8 27. Be3 Kd7 28. Bxd4 cxd4 29. Nd5 a5 30. a3 Kc6 31. b4 Kb7 32. Rb1 Ka7 33. b5 Rf7 34. b6+ Kb8 35. Nc7 Kc8 36. Na6 Rf4 37. Bf5+ Rxf5 38. gxf5 Kb7 39. c5 Kxa6 40. c6 d3 41. b7 d2 42. Kf3 e4+ 43. Kxe4 Ka7 44. Kd3 1-0


[Site "https://www.chess.com"]

[Event "Titled Tuesday Blitz November 08 Late 2022"]
[White "Ladan, Nicholas"]
[Black "Curtis, John"]
[WhiteFideId "30918855"]
[BlackFideId "3200256"]
[WhiteElo "2167"]
[BlackElo "2203"]
[Result "1-0"]
[Round "07"]
[TimeControl "180+1"]
[Date "2022.11.09"]
[WhiteClock "0:00:20"]
[BlackClock "0:00:01"]

1. b3 Nf6 2. Bb2 e6 3. c4 d5 4. e3 c5 5. Nf3 Nc6 6. d3 Bd6 7. Nbd2 O-O 8. Be2 b6 9. O-O Bb7 10. a3 Rc8 11. Qc2 Qc7 12. h3 Ne5 13. Nxe5 Bxe5 14. f4 Bxb2 15. Qxb2 Rfe8 16. Nf3 d4 17. exd4 Qxf4 18. dxc5 bxc5 19. Ne5 Qg3 20. Bf3 Bxf3 21. Rxf3 Qg5 22. Raf1 Rcd8 23. Kh1 Rd4 24. Nc6 Rd6 25. Nxa7 e5 26. Nb5 Rd7 27. Nc3 Red8 28. Rf5 Qe3 29. Rxf6 gxf6 30. Nd5 Rxd5 31. cxd5 Rxd5 32. Rf3 Qe1+ 33. Kh2 e4 34. dxe4 Re5 35. Rxf6 Qxe4 36. Qf2 Qe3 37. Rxf7 Qxf2 38. Rxf2 Re3 39. Rf3 Re4 40. Rc3 Re5 41. Kg3 h5 42. Kf4 Rd5 43. a4 Kf7 44. a5 c4 45. bxc4 1-0


[Site "https://www.chess.com"]

[Event "Titled Tuesday Blitz November 08 Late 2022"]
[White "Lopez Martinez, Josep Manuel"]
[Black "Arnold, Ken"]
[WhiteFideId "2212943"]
[BlackFideId "2056836"]
[WhiteElo "2471"]
[BlackElo "2313"]
[Result "1-0"]
[Round "07"]
[TimeControl "180+1"]
[Date "2022.11.09"]
[WhiteClock "0:01:03"]
[BlackClock "0:00:10"]

1. e4 c6 2. d4 d5 3. e5 Bf5 4. Nf3 e6 5. Be2 Nd7 6. O-O Nh6 7. c3 Bg6 8. a4 Be7 9. a5 Nf5 10. Nbd2 O-O 11. b4 a6 12. Nb3 Qc7 13. g4 Nh4 14. Nxh4 Bxh4 15. f4 Be4 16. Bd3 f5 17. g5 h6 18. Bxe4 fxe4 19. Qh5 hxg5 20. Bd2 e3 21. Bxe3 gxf4 22. Bxf4 Qd8 23. Kh1 Rf5 24. Qg4 Qe7 25. Bg3 Bxg3 26. Rxf5 exf5 27. Qxg3 Rf8 28. Rf1 Qe6 29. Qg5 g6 30. Nc1 Rf7 31. Nd3 Nf8 32. Rg1 Qe7 33. Qg3 Rh7 34. Nf4 Rh6 35. Rg2 Kh7 36. Kg1 Qf7 37. Qg5 Ne6 38. Nxe6 Qxe6 39. Qd8 Qf7 40. Qd6 g5 41. Qd8 g4 42. Qg5 Rg6 43. Qh5+ Kg7 44. h3 gxh3 45. Rxg6+ Qxg6+ 46. Qxg6+ Kxg6 47. Kh2 f4 48. Kxh3 Kf5 49. Kg2 Ke6 50. Kh3 Kd7 51. Kg4 b6 52. axb6 1-0


[Site "https://www.chess.com"]

[Event "Titled Tuesday Blitz November 08 Late 2022"]
[White "Lopez Perdomo, Juan David"]
[Black "Muhammad, Shahzeb"]
[WhiteFideId "4405137"]
[BlackFideId "7804806"]
[WhiteElo "1965"]
[BlackElo "2370"]
[Result "1/2-1/2"]
[Round "07"]
[TimeControl "180+1"]
[Date "2022.11.09"]
[WhiteClock "0:00:09"]
[BlackClock "0:00:08"]

1. e4 d5 2. exd5 Nf6 3. Nf3 Nxd5 4. d4 g6 5. Be2 Bg7 6. O-O O-O 7. Bg5 c6 8. c3 Nf6 9. Re1 Qb6 10. Nbd2 Qxb2 11. Qa4 b5 12. Qa5 Qc2 13. Bd1 Qf5 14. Rxe7 Nd5 15. Rxa7 Rxa7 16. Qxa7 Nd7 17. Rc1 h6 18. Bc2 Qe6 19. Re1 Qd6 20. Bh4 N7f6 21. Bg3 Qd8 22. c4 Nb4 23. Bb1 Bg4 24. a3 bxc4 25. axb4 c3 26. Ne4 Bxf3 27. gxf3 Nd5 28. Qc5 Re8 29. Rc1 f5 30. Nd6 f4 31. Qxc6 Nxb4 32. Qc4+ Kh7 33. Nxe8 fxg3 34. Qf7 gxf2+ 35. Kf1 Qxd4 36. Qxg6+ Kg8 37. Qh7+ Kf7 38. Qxg7+ Qxg7 39. Nxg7 Kxg7 40. Kxf2 c2 41. Bxc2 Nc6 42. Rd1 Ne5 43. Rd6 Nc4 44. Rg6+ Kf7 45. Rxh6 Na3 46. Rc6 Nb5 47. Rc5 Nd4 48. Rc4 Nb5 49. Rd4 Nxd4 50. Ke3 Nxc2+ 51. Ke4 Kf6 52. f4 Nb4 53. h4 Na6 54. h5 Nc5+ 55. Kd5 Ne6 56. Ke4 Nf8 57. Kf3 Nh7 58. Kg4 Nf8 59. h6 Kg6 60. Kh4 Kxh6 61. f5 Nd7 62. f6 Kg6 63. f7 Nf8 64. Kg4 Kg7 65. Kh3 Nh7 66. Kg2 Nf6 67. Kf1 Kf8 68. Ke1 Nd7 69. Kd1 Ne5 70. Kc1 Nxf7 1/2-1/2


[Site "https://www.chess.com"]

[Event "Titled Tuesday Blitz November 08 Late 2022"]
[White "Makaraci, Tunahan"]
[Black "Leitao, Rafael"]
[WhiteFideId "6356559"]
[BlackFideId "2101246"]
[WhiteElo "2161"]
[BlackElo "2609"]
[Result "1/2-1/2"]
[Round "07"]
[TimeControl "180+1"]
[Date "2022.11.09"]
[WhiteClock "0:00:04"]
[BlackClock "0:00:04"]

1. e4 c5 2. c3 Nf6 3. e5 Nd5 4. d4 cxd4 5. cxd4 e6 6. Nf3 d6 7. Bc4 Nc6 8. O-O Be7 9. Qe2 O-O 10. Re1 Bd7 11. Nc3 Nxc3 12. bxc3 Rc8 13. exd6 Bxd6 14. Bd3 g6 15. Bg5 Be7 16. Bxe7 Nxe7 17. c4 Re8 18. Rad1 Qc7 19. Ne5 Nc6 20. Nxc6 Bxc6 21. Qe3 Rcd8 22. h4 Qa5 23. c5 Qxa2 24. Be4 Bxe4 25. Qxe4 Qd5 26. Qf4 e5 27. dxe5 Qxd1 28. Rxd1 Rxd1+ 29. Kh2 Rd5 30. Qa4 Rdxe5 31. Qxa7 R8e7 32. g3 h5 33. Qb8+ Kg7 34. Qd6 R7e6 35. Qd4 Kg8 36. Qd8+ Kg7 37. Qd4 Kh7 38. Qd7 Rf6 39. Qd4 Ref5 40. f4 Rc6 41. Qd7 Rcxc5 42. Qxb7 Rc2+ 43. Kh3 Kg7 44. Qe4 Rc6 45. Qxc6 Kh7 46. Qd7 Kg7 47. Kg2 Kh7 48. Kf3 Kg7 49. Ke3 Ra5 50. Qd4+ Kh7 51. Qc3 Rf5 52. Ke4 Rb5 53. Qc4 Rf5 54. Qc7 Kg7 55. Qd7 Ra5 56. Qd4+ Kh7 57. Qf6 Ra4+ 58. Ke3 Kg8 59. Qd8+ Kg7 60. Qd7 Ra3+ 61. Kf2 Ra2+ 62. Kf3 Ra3+ 63. Kg2 Ra2+ 64. Kh3 Ra5 65. Qd4+ Kh7 66. g4 hxg4+ 67. Kxg4 Rf5 68. Qe4 Rh5 69. Qe7 Kg7 70. Qd6 Rf5 71. Qd4+ Kh7 72. Qc4 Kg7 73. Qc3+ Kh7 74. Qd3 Rh5 75. Qd8 Kg7 76. Qe7 Kg8 77. Qf6 Kf8 78. f5 Rxf5 79. Qd8+ Kg7 80. Qd4+ Kg8 81. Qd7 Kg7 82. Qe7 Kg8 83. Qe8+ Kg7 84. Qe7 Kg8 85. Qe8+ Kg7 86. Qe7 1/2-1/2


[Site "https://www.chess.com"]

[Event "Titled Tuesday Blitz November 08 Late 2022"]
[White "Makridis, Dimitrios"]
[Black "Crevatin, Leo"]
[WhiteFideId "25864475"]
[BlackFideId "1726307"]
[WhiteElo "2272"]
[BlackElo "2208"]
[Result "1-0"]
[Round "07"]
[TimeControl "180+1"]
[Date "2022.11.08"]
[WhiteClock "0:00:19"]
[BlackClock "0:00:04"]

1. b3 d5 2. Bb2 Nf6 3. e3 Bf5 4. Ne2 e6 5. Ng3 Bg6 6. d4 Nbd7 7. Bd3 Bd6 8. O-O O-O 9. f4 Bxd3 10. cxd3 c5 11. dxc5 Nxc5 12. h3 Rc8 13. Nc3 Be7 14. Nce2 Qb6 15. Qd2 Nfd7 16. Kh1 Bf6 17. Nh5 Bxb2 18. Qxb2 f6 19. Rad1 Rfe8 20. Nd4 Nf8 21. g4 Na4 22. Qg2 Nc3 23. Rd2 Nb5 24. Nxb5 Qxb5 25. g5 f5 26. h4 Kf7 27. Ng3 Rc3 28. Rfd1 Rec8 29. e4 g6 30. h5 Rc1 31. exf5 exf5 32. hxg6+ hxg6 33. Qh3 Qb4 34. Nxf5 gxf5 35. Qxf5+ Kg7 36. Qe5+ Kg8 37. Qxd5+ Kg7 38. Qe5+ Kg8 39. Kg2 Rxd1 40. Rxd1 Rc2+ 41. Kg3 Qc5 42. Qxc5 Rxc5 43. Rd2 Ne6 44. Kg4 Nd4 45. Rf2 Nf5 46. Re2 Kf7 47. Re4 Ne7 48. d4 Rd5 49. Kh5 Nf5 50. Re5 Rxe5 51. dxe5 Ne7 52. Kh6 Ng6 53. e6+ 1-0


[Site "https://www.chess.com"]

[Event "Titled Tuesday Blitz November 08 Late 2022"]
[White "Maksimovic, Bojan"]
[Black "Jobava, Baadur"]
[WhiteFideId "14408120"]
[BlackFideId "13601520"]
[WhiteElo "2447"]
[BlackElo "2582"]
[Result "0-1"]
[Round "07"]
[TimeControl "180+1"]
[Date "2022.11.08"]
[WhiteClock "0:00:02"]
[BlackClock "0:00:12"]

1. e4 d6 2. d4 Nf6 3. Nc3 e5 4. Nf3 Nbd7 5. Bc4 Be7 6. O-O O-O 7. Re1 h6 8. h3 Re8 9. a4 a5 10. Be3 Bf8 11. Bf1 c6 12. Qd3 Qc7 13. Rad1 exd4 14. Bxd4 Ne5 15. Qe3 Be6 16. b3 Nfd7 17. Nh4 g5 18. Nf3 Bg7 19. Nh2 f5 20. f4 gxf4 21. Qxf4 Rf8 22. exf5 Bxf5 23. Qd2 d5 24. Ne2 Rf7 25. Ng3 Raf8 26. Nxf5 Rxf5 27. Kh1 Nf6 28. Bd3 Nxd3 29. cxd3 Nh5 30. Bxg7 Qxg7 31. Ng4 Nf4 32. Rf1 d4 33. Rf3 h5 34. Rdf1 Qg5 35. Ne5 Kg7 36. Nd7 R8f7 37. Ne5 R7f6 38. Nd7 Rf7 39. Ne5 Rxe5 40. Rxf4 Rxf4 41. Rxf4 Re3 42. Qf2 Qe5 43. Rf7+ Kg6 44. Rf4 Rxd3 45. Qf1 Re3 46. Qf2 d3 47. h4 d2 48. Rf6+ Qxf6 49. Qxe3 d1=Q+ 0-1


[Site "https://www.chess.com"]

[Event "Titled Tuesday Blitz November 08 Late 2022"]
[White "Marcolino, Daniel Mattos"]
[Black "Gasparyan, David"]
[WhiteFideId "2106841"]
[BlackFideId "13311980"]
[WhiteElo "2099"]
[BlackElo "2290"]
[Result "0-1"]
[Round "07"]
[TimeControl "180+1"]
[Date "2022.11.09"]
[WhiteClock "0:01:13"]
[BlackClock "0:02:00"]

1. d4 Nf6 2. Nf3 d5 3. g3 c6 4. Bg2 g6 5. O-O Bg7 6. c4 O-O 7. b3 Ne4 8. Bb2 a5 9. Nc3 Nxc3 10. Bxc3 a4 11. Qc2 a3 12. e4 dxe4 13. Qxe4 Bf5 14. Qe3 Nd7 15. Rfe1 Nf6 16. Qxe7 Ne4 17. Qxd8 Rfxd8 18. Rac1 Nxc3 19. Rxc3 c5 20. Ne5 cxd4 21. Rcc1 d3 22. Rcd1 d2 23. Re2 Bxe5 24. Rxe5 Bc2 25. Bf3 Bxd1 26. Bxd1 Re8 0-1


[Site "https://www.chess.com"]

[Event "Titled Tuesday Blitz November 08 Late 2022"]
[White "Martinez Reyes, Pedro Ramon"]
[Black "Wartiovaara, Oliver"]
[WhiteFideId "3901807"]
[BlackFideId "513024"]
[WhiteElo "2354"]
[BlackElo "2213"]
[Result "1-0"]
[Round "07"]
[TimeControl "180+1"]
[Date "2022.11.09"]
[WhiteClock "0:02:15"]
[BlackClock "0:00:47"]

1. d4 Nf6 2. Bg5 e6 3. e4 h6 4. Bxf6 Qxf6 5. c3 d6 6. Nf3 a6 7. Nbd2 e5 8. dxe5 dxe5 9. Bc4 Bc5 10. O-O O-O 11. b4 Ba7 12. Qb3 b5 13. Be2 Bb7 14. a4 c6 15. c4 Qe6 16. c5 Qxb3 17. Nxb3 f6 18. Na5 Bc8 19. Rfd1 Kf7 20. Rd6 Bd7 21. Rad1 Rd8 22. Nh4 Ke7 23. Nf5+ 1-0


[Site "https://www.chess.com"]

[Event "Titled Tuesday Blitz November 08 Late 2022"]
[White "Martinez, Shawn"]
[Black "Aung Thant Zin"]
[WhiteFideId "2039770"]
[BlackFideId "13000063"]
[WhiteElo "2174"]
[BlackElo "2278"]
[Result "1-0"]
[Round "07"]
[TimeControl "180+1"]
[Date "2022.11.09"]
[WhiteClock "0:00:29"]
[BlackClock "0:00:26"]

1. e4 c5 2. Nc3 Nc6 3. Bb5 e6 4. Bxc6 dxc6 5. d3 Ne7 6. f4 Ng6 7. Nf3 Bd6 8. e5 Bc7 9. O-O O-O 10. Ng5 h6 11. Nge4 b6 12. Qh5 Qe8 13. Nf6+ gxf6 14. exf6 Kh7 15. Ne4 Rh8 16. f5 Nf4 17. Rxf4 exf5 18. Rxf5 Qf8 19. Rg5 Rg8 20. Rxg8 Kxg8 21. Bxh6 1-0


[Site "https://www.chess.com"]

[Event "Titled Tuesday Blitz November 08 Late 2022"]
[White "Mendez Fortes, Eduardo Jesus"]
[Black "Ali Abdullahi, Farah"]
[WhiteFideId "3502376"]
[BlackFideId "16100212"]
[WhiteElo "2307"]
[BlackElo "2270"]
[Result "1-0"]
[Round "07"]
[TimeControl "180+1"]
[Date "2022.11.09"]
[WhiteClock "0:00:37"]
[BlackClock "0:00:02"]

1. e4 e6 2. d4 d5 3. Nd2 Nf6 4. e5 Nfd7 5. Bd3 c5 6. c3 Nc6 7. Ne2 cxd4 8. cxd4 f6 9. exf6 Nxf6 10. Nf3 Bd6 11. O-O Qc7 12. Bg5 O-O 13. Bh4 Bd7 14. Bg3 Bxg3 15. Nxg3 Be8 16. Re1 Bf7 17. Qd2 h6 18. Rad1 Qb6 19. a3 Rfe8 20. Bb1 Na5 21. Ne5 Nc4 22. Nxc4 dxc4 23. Qc2 Rac8 24. Ne4 Nd5 25. Nc5 Nf6 26. Re5 Red8 27. Ba2 Qc7 28. Ree1 b5 29. Bb1 Qf4 30. g3 Qg4 31. Qc3 Qh3 32. f3 h5 33. Qe3 h4 34. g4 Nd5 35. Qe4 Nf6 36. Qe2 Nd5 37. Ne4 Nf4 38. Qf2 Bg6 39. Ng5 Qg2+ 40. Qxg2 Nxg2 41. Kxg2 Bxb1 42. Rxb1 Rxd4 43. Re2 e5 44. Rbe1 c3 45. bxc3 Rxc3 46. Rxe5 Rd2+ 47. Kh3 g6 48. Kxh4 Rxh2+ 49. Kg3 Rcc2 50. Re8+ Kg7 51. R1e7+ Kf6 52. Rf7+ Kxg5 53. f4+ Kh6 54. Rh8# 1-0


[Site "https://www.chess.com"]

[Event "Titled Tuesday Blitz November 08 Late 2022"]
[White "Mendonca, Mateus Nakajo"]
[Black "Veiga, Jose Francisco R P Neves"]
[WhiteFideId "2110954"]
[BlackFideId "1930087"]
[WhiteElo "2310"]
[BlackElo "2320"]
[Result "1-0"]
[Round "07"]
[TimeControl "180+1"]
[Date "2022.11.09"]
[WhiteClock "0:00:10"]
[BlackClock "0:00:03"]

1. Nf3 Nc6 2. d4 d6 3. g3 Bg4 4. Bg2 e5 5. d5 Nce7 6. O-O f5 7. c4 Nf6 8. Ng5 Qd7 9. h3 Bh5 10. Nc3 h6 11. Ne6 Bf7 12. e4 fxe4 13. Nxe4 Nxe4 14. Bxe4 Bxe6 15. dxe6 Qxe6 16. Bxb7 Rd8 17. Qa4+ Kf7 18. Qxa7 g6 19. Bg2 Bg7 20. Be3 e4 21. Qxc7 Rc8 22. Qb7 Rb8 23. Qxe4 Rxb2 24. Qxe6+ Kxe6 25. Rfe1 Kd7 26. Rad1 Rxa2 27. c5 Nf5 28. cxd6 Bc3 29. Rf1 Bb4 30. Bf4 Re8 31. Bd5 Ra6 32. Bf7 Rf8 33. Bxg6 Nxd6 34. Rd4 Bc5 35. Rd5 Kc6 36. Rfd1 Rf6 37. Bh5 Ra2 38. R5d2 Rxd2 39. Rxd2 Ne4 40. Bf3 Re6 41. Re2 Kd5 42. Kg2 h5 43. h4 Bd4 44. Bxh5 Nxf2 45. Bf7 Ng4 46. Bxe6+ 1-0


[Site "https://www.chess.com"]

[Event "Titled Tuesday Blitz November 08 Late 2022"]
[White "Mr_Penings"]
[Black "Hajiyev, Kanan"]
[BlackFideId "13404148"]
[WhiteElo "2679"]
[BlackElo "2118"]
[Result "0-1"]
[Round "07"]
[TimeControl "180+1"]
[Date "2022.11.09"]
[WhiteClock "0:00:25"]
[BlackClock "0:00:16"]

1. c4 c6 2. Nf3 d5 3. e3 Nf6 4. Nc3 g6 5. d4 Bg7 6. Be2 O-O 7. O-O Bf5 8. Qb3 Qb6 9. Bd2 Qxb3 10. axb3 Nbd7 11. b4 dxc4 12. Bxc4 Nb6 13. Be2 a6 14. Ra5 Rac8 15. Rc1 Rfd8 16. b3 h5 17. h3 Nfd5 18. Na4 Nxa4 19. bxa4 Nc7 20. Rac5 Bf8 21. R5c3 Nd5 22. Rb3 f6 23. Nh4 Be6 24. Rbb1 g5 25. Nf3 Bf5 26. Rb2 Be4 27. Ne1 h4 28. Nd3 Bxd3 29. Bxd3 e5 30. Bf5 Ra8 31. dxe5 fxe5 32. g3 hxg3 33. fxg3 Ne7 34. Be6+ Kg7 35. e4 Kf6 36. Bg4 Bh6 37. Rf1+ Kg7 38. Bc3 Ng6 39. Rbf2 Rd3 40. Rf7+ Kg8 41. R7f3 Rxf3 42. Rxf3 Kg7 43. Rd3 Nf8 44. Bxe5+ Kf7 45. Rd6 Bg7 46. Bh5+ Ke7 47. Rxc6 Bxe5 48. Rb6 Bd4+ 0-1


[Site "https://www.chess.com"]

[Event "Titled Tuesday Blitz November 08 Late 2022"]
[White "Musovic, Armin"]
[Black "Leiva, Gianmarco"]
[WhiteFideId "939935"]
[BlackFideId "3804399"]
[WhiteElo "2288"]
[BlackElo "2286"]
[Result "0-1"]
[Round "07"]
[TimeControl "180+1"]
[Date "2022.11.09"]
[WhiteClock "0:00:08"]
[BlackClock "0:00:07"]

1. e4 c5 2. c3 d5 3. exd5 Qxd5 4. Na3 Nf6 5. h3 e6 6. Nf3 Be7 7. d4 cxd4 8. Nb5 Na6 9. Qa4 Qe4+ 10. Be2 Bd7 11. Qxd4 O-O 12. Qxe4 Nxe4 13. O-O Rfd8 14. Bf4 f6 15. Rad1 e5 16. Be3 Be6 17. Bxa7 Bxa2 18. Bb6 Rxd1 19. Rxd1 Be6 20. b4 Rc8 21. Rd3 Bc4 22. Re3 Bxb5 23. Bxb5 Nd6 24. Bd7 Ra8 25. b5 Nb8 26. Be6+ Kf8 27. c4 Ke8 28. Bc7 Nd7 29. Bxd7+ Kxd7 30. Bxd6 Bxd6 31. Nd2 Ra1+ 32. Kh2 Rd1 33. Nb3 b6 34. g3 f5 35. Kg2 Ke6 36. Rc3 Rb1 37. c5 bxc5 38. Nxc5+ Kd5 39. Nb3 Bb4 40. Rd3+ Kc4 41. Re3 Rxb3 42. Rxe5 g6 43. g4 Bc3 44. gxf5 Bxe5 45. f6 Bxf6 0-1


[Site "https://www.chess.com"]

[Event "Titled Tuesday Blitz November 08 Late 2022"]
[White "Paiva, Henrique M A Albergaria"]
[Black "Kirillov, Dmitry"]
[WhiteFideId "1920995"]
[BlackFideId "34180572"]
[WhiteElo "1953"]
[BlackElo "2095"]
[Result "1-0"]
[Round "07"]
[TimeControl "180+1"]
[Date "2022.11.09"]
[WhiteClock "0:01:10"]
[BlackClock "0:01:04"]

1. f4 e5 2. fxe5 d6 3. Nf3 dxe5 4. e4 Bd6 5. Bc4 h6 6. d3 Nf6 7. Nc3 a6 8. a3 Nc6 9. O-O Bg4 10. Be3 Qd7 11. Qe1 b5 12. Ba2 b4 13. axb4 Nxb4 14. Bb3 O-O 15. Nh4 Be6 16. Ba4 c6 17. Rxf6 gxf6 18. Bxh6 Kh7 19. Bxf8 Rxf8 20. Qf2 Rg8 21. Nf5 Bxf5 22. exf5 Rg5 23. Ne4 Rxf5 24. Nxf6+ Rxf6 25. Qxf6 Bc5+ 26. Kh1 1-0


[Site "https://www.chess.com"]

[Event "Titled Tuesday Blitz November 08 Late 2022"]
[White "Pakleza, Zbigniew"]
[Black "Hryzlova, Sofiia"]
[WhiteFideId "1119290"]
[BlackFideId "14174669"]
[WhiteElo "2411"]
[BlackElo "1992"]
[Result "0-1"]
[Round "07"]
[TimeControl "180+1"]
[Date "2022.11.09"]
[WhiteClock "0:00:07"]
[BlackClock "0:00:07"]

1. d4 Nf6 2. Nf3 e6 3. Bf4 d5 4. e3 Be7 5. Nbd2 O-O 6. h3 b6 7. c3 Bb7 8. Bd3 c5 9. O-O Nbd7 10. Bh2 Ne4 11. Qe2 a5 12. a3 Bf6 13. Rfd1 Qe7 14. Bb5 g6 15. Nxe4 dxe4 16. Nd2 cxd4 17. exd4 Bg7 18. Nxe4 Bxe4 19. Qxe4 Nf6 20. Qc6 Qa7 21. a4 Nd5 22. Qd6 Rfd8 23. Qg3 Rac8 24. Qf3 Bf8 25. Re1 Bd6 26. Bxd6 Rxd6 27. g3 Qc7 28. h4 Ne7 29. h5 Rd5 30. hxg6 hxg6 31. Kg2 Rf5 32. Qe4 Nd5 33. c4 Nf6 34. Qe2 Kg7 35. Rh1 Rd8 36. Rad1 Qb7+ 37. f3 g5 38. Qe3 Ng4 39. Qc3 Nf6 40. d5 exd5 41. g4 Rf4 42. Qe5 Kg6 43. Rh6+ Kxh6 44. Rh1+ Kg6 45. cxd5 Rxd5 46. Qe2 Rxg4+ 47. Kf1 Rf5 48. Bd3 Rf4 49. Kg2 Qxf3+ 50. Qxf3 Rxf3 51. Bb1 Rf2+ 52. Kg3 Rf4 53. Re1 Nh5+ 54. Kh3 f6 55. Re7 Rh4+ 56. Kg2 Nf4+ 57. Kg3 Rh3+ 58. Kf2 Nd5+ 59. Bxf5+ Kxf5 60. Rd7 Ke6 61. Rd8 Rb3 62. Kg2 Rxb2+ 63. Kg3 Rb4 0-1


[Site "https://www.chess.com"]

[Event "Titled Tuesday Blitz November 08 Late 2022"]
[White "Papasimakopoulos, Alexandros"]
[Black "Manelyuk, Daniil"]
[WhiteFideId "4244125"]
[BlackFideId "44173920"]
[WhiteElo "2365"]
[BlackElo "2209"]
[Result "1-0"]
[Round "07"]
[TimeControl "180+1"]
[Date "2022.11.09"]
[WhiteClock "0:00:33"]
[BlackClock "0:00:02"]

1. d4 Nf6 2. c4 c5 3. d5 b5 4. Nf3 g6 5. cxb5 a6 6. e3 axb5 7. Bxb5 Qa5+ 8. Nc3 Bb7 9. O-O Bg7 10. a4 O-O 11. Bd2 d6 12. Qc2 Na6 13. e4 Nc7 14. Bc4 Qb6 15. Rfe1 Ba6 16. Bxa6 Rxa6 17. b3 Rb8 18. Rab1 Nd7 19. h4 Qb7 20. Bg5 h6 21. Bf4 Rb6 22. Nd2 Ne5 23. a5 Rb4 24. Na4 Qa6 25. Bxe5 Bxe5 26. Nc4 Bg7 27. Nab6 Nb5 28. Qd3 Na3 29. Rbc1 Nxc4 30. Nxc4 Rxb3 31. Qe2 Bc3 32. Nd2 Qxe2 33. Rxe2 Bxa5 34. Nxb3 Rxb3 35. Ra2 Bc3 36. f3 Bd4+ 37. Kh2 Kg7 38. Kh3 Kf6 39. Rd1 Be5 40. Ra4 h5 41. Rc4 Re3 42. Rcc1 Bf4 43. Rb1 Ke5 44. Re1 Rc3 45. Rf1 Kd4 46. Rbd1+ Kc4 47. g3 Be3 48. g4 Rc2 49. gxh5 gxh5 50. f4 Rc3 51. Kg3 Bd4+ 52. Rf3 Rxf3+ 53. Kxf3 Kb3 54. Ke2 Bb2 55. Rd3+ Kc2 56. Rg3 c4 57. Rg2 c3 58. Rf2 Kb1 59. Kd3 Kc1 60. Rf1# 1-0


[Site "https://www.chess.com"]

[Event "Titled Tuesday Blitz November 08 Late 2022"]
[White "Paravyan, David"]
[Black "Holt, Conrad"]
[WhiteFideId "4194985"]
[BlackFideId "2034387"]
[WhiteElo "2546"]
[BlackElo "2592"]
[Result "1-0"]
[Round "07"]
[TimeControl "180+1"]
[Date "2022.11.08"]
[WhiteClock "0:00:23"]
[BlackClock "0:00:02"]

1. e4 e6 2. d4 d5 3. Nc3 Nf6 4. Bg5 dxe4 5. Nxe4 Be7 6. Nxf6+ Bxf6 7. Bxf6 Qxf6 8. c3 O-O 9. Qf3 Qxf3 10. Nxf3 b6 11. g3 Bb7 12. Bg2 Nd7 13. O-O-O Rfd8 14. Nh4 Bxg2 15. Nxg2 Nf6 16. Ne3 h5 17. Rhe1 g6 18. Kc2 Kg7 19. a4 a5 20. Nc4 Ng4 21. f3 Nf6 22. h3 h4 23. g4 Nd5 24. Re4 g5 25. Ne3 Nf4 26. Rh1 Kg6 27. Rh2 f5 28. Re5 Rf8 29. Ng2 fxg4 30. fxg4 Rae8 31. Nxf4+ Rxf4 32. Kd3 Rf3+ 33. Re3 Rxe3+ 34. Kxe3 e5 35. d5 Rf8 36. Ke4 Rf4+ 37. Kxe5 Rxa4 38. Rf2 Ra2 39. Rf6+ Kg7 40. Rc6 Rxb2 41. Rxc7+ Kf8 42. Kf6 Ke8 43. Kxg5 a4 44. Ra7 b5 45. Kxh4 Rc2 46. Ra5 Rxc3 47. Rxb5 Ke7 48. Rb6 Rd3 49. Ra6 a3 50. d6+ Ke6 51. g5 Kf5 52. Ra4 Kg6 53. Kg4 Rxd6 54. h4 Rd3 55. h5+ Kf7 56. Ra7+ Ke6 57. h6 1-0


[Site "https://www.chess.com"]